[Event "ICC tourney 1953 (60 10)"]
[Site "Internet Chess Club"]
[Date "2020.08.08"]
[Round "5"]
[White "dabbindino"]
[Black "Bo002"]
[Result "1-0"]
[ICCResult "Black checkmated"]
[WhiteElo "2344"]
[BlackElo "2211"]
[Opening "Réti opening"]
[ECO "A05"]
[NIC "QP.11"]
[Time "15:21:30"]
[TimeControl "3600+10"]

1. Nf3 Nf6 2. g3 b6 3. Bg2 Bb7 4. O-O e6 5. c4 Be7 6. Nc3 Ne4 7. Qc2 Nxc3 8.
dxc3 f5 9. Rd1 Bf6 10. Bf4 O-O 11. Rd2 Be4 12. Qa4 Bc6 13. Qa3 a5 14. Rad1
Be7 15. Bxc7 Bxa3 16. Bxd8 Bxb2 17. Rxb2 Rxd8 18. Rxb6 Na6 19. Nd4 Bxg2 20.
Kxg2 Nc5 21. Rd6 Nb7 22. Rb6 Nc5 23. Nb5 Rdb8 24. Rbd6 Kf7 25. f3 g5 26.
R1d2 h5 27. Kf2 g4 28. Ke1 Ke7 29. Rd1 Rh8 30. R6d4 Rag8 31. Nd6 h4 32. fxg4
hxg3 33. hxg3 Rh1+ 34. Kf2 Rxd1 35. Rxd1 Rxg4 36. Kf3 Na4 37. Rd3 Nb2 38.
Rd2 Nxc4 39. Nxc4 Rxc4 40. Rd3 d5 41. Kf2 Kd6 42. Ke1 Ra4 43. Rd2 Ke5 44.
Kf2 Ke4 45. Rb2 Ke5 46. Rc2 Rc4 47. Ke3 Kd6 48. Rc1 Kc5 49. Rc2 Ra4 50. Rb2
Rxa2 51. Rxa2 Kb5 52. Kd4 a4 53. Ke5 Kc4 54. Rxa4+ Kxc3 55. Kxe6 Kd2 56.
Rd4+ Kxe2 57. Rxd5 Kf3 58. Kxf5 Kxg3 59. Rd3+ Kf2 60. Ke4 Ke2 61. Kd4 Kf2
62. Re3 Kg2 63. Ke4 Kf2 64. Kf4 Kg2 65. Re2+ Kh3 66. Rf2 Kh4 67. Rh2#
{Black checkmated}
1-0

[Event "ICC tourney 1953 (60 10)"]
[Site "Internet Chess Club"]
[Date "2020.08.08"]
[Round "5"]
[White "sathviks"]
[Black "Kobalia"]
[Result "1/2-1/2"]
[ICCResult "Game drawn by mutual agreement"]
[WhiteElo "2203"]
[BlackElo "2584"]
[Opening "Sicilian: Kan, Maróczy bind (Réti variation)"]
[ECO "B41"]
[NIC "SI.41"]
[Time "15:22:08"]
[TimeControl "3600+10"]

1. e4 c5 2. Nf3 e6 3. d4 cxd4 4. Nxd4 a6 5. c4 Nf6 6. Nc3 Qc7 7. Be2 Be7 8.
O-O d6 9. Be3 b6 10. f4 Bb7 11. Bd3 g6 12. Rc1 Nbd7 13. a3 Rc8 14. b4 Qb8
15. Qb3 O-O 16. h3 Rfe8 17. Nf3 Qa8 18. Qb1 Bc6 19. Ng5 Bf8 20. g4 Bg7 21.
Rf2 Qb8 22. Qb3 b5 23. cxb5 axb5 24. Nf3 d5 25. e5 Ne4 26. Bxe4 dxe4 27. Nd4
g5 28. Nxc6 Rxc6 29. Nxe4 Rxc1+ 30. Bxc1 gxf4 31. Bxf4 Nxe5 32. g5 Qa7 33.
Qg3 Ng6 34. Nf6+ Bxf6 35. gxf6 Rd8 36. Bh6 Rd1+ 37. Kh2 Qa8 38. Rg2 Qd8 39.
Rc2 Qxf6 40. Rc8+ Rd8 41. Qc7 Qf2+ 42. Kh1 Qf3+ 43. Kh2 Qe2+ 44. Kh1 Qf1+
45. Kh2 Qf2+ 46. Kh1 Qf1+ 47. Kh2 {Game drawn by mutual agreement} 1/2-1/2

[Event "ICC tourney 1953 (60 10)"]
[Site "Internet Chess Club"]
[Date "2020.08.08"]
[Round "5"]
[White "ASharikov"]
[Black "hydroblade"]
[Result "0-1"]
[ICCResult "White resigns"]
[WhiteElo "2124"]
[BlackElo "2098"]
[Opening "Queen's pawn game"]
[ECO "D00"]
[NIC "QP.07"]
[Time "15:21:40"]
[TimeControl "3600+10"]

1. d4 Nf6 2. Nc3 d5 3. Bf4 Bf5 4. f3 e6 5. g4 Bg6 6. h4 h5 7. g5 Nfd7 8. e3
a6 9. Bd3 Bxd3 10. Qxd3 g6 11. e4 c6 12. Nge2 Be7 13. Bh2 b5 14. O-O b4 15.
Nd1 Qb6 16. Ne3 O-O 17. exd5 cxd5 18. Nf4 Kg7 19. Rae1 Qb5 20. Nexd5 Qxd3
21. Nxd3 Bd8 22. Ne3 Nc6 23. Bd6 Re8 24. Bxb4 Nxd4 25. Bc3 Bb6 26. Nc4 Ba7
27. Re4 e5 28. Kg2 Nxc2 29. Rc1 Nd4 30. Ncxe5 Nxe5 31. Nxe5 Nb5 32. Rce1
Nxc3 33. bxc3 Rac8 34. c4 Red8 35. Nxf7 Rd2+ 36. Kh3 Bb8 37. Ne5 Rxa2 38.
Rb1 Rf8 39. Rb7+ Kg8 40. Rxb8 Rxb8 41. Nxg6 a5 42. Nf4 Rb3 43. Nxh5 Rxf3+
44. Kg4 Rf1 45. Nf4 a4 46. g6 Raf2 47. Nh5 Rg1+ 48. Kh3 Rxg6 49. Re8+ Kf7
50. Ra8 Rf5 51. Ra7+ Kg8 52. Ra8+ Kh7 53. Ra5 Rxa5 {White resigns} 0-1

[Event "ICC tourney 1953 (60 10)"]
[Site "Internet Chess Club"]
[Date "2020.08.08"]
[Round "5"]
[White "goodFriday"]
[Black "nithin"]
[Result "0-1"]
[ICCResult "White resigns"]
[WhiteElo "2210"]
[BlackElo "2292"]
[Opening "Sicilian: Najdorf, Byrne (English) attack"]
[ECO "B90"]
[NIC "SI.14"]
[Time "15:21:24"]
[TimeControl "3600+10"]

1. e4 c5 2. Nf3 d6 3. d4 cxd4 4. Nxd4 Nf6 5. Nc3 a6 6. Be3 e5 7. Nb3 Be6 8.
f3 h5 9. Nd5 Nbd7 10. Qd2 Rc8 11. c4 g6 12. Be2 Bxd5 13. exd5 Bg7 14. Na5
Qc7 15. Rc1 b6 16. Nc6 Nb8 17. Nxb8 Qxb8 18. b4 O-O 19. O-O Qb7 20. Rfd1
Rfd8 21. a4 Kh7 22. Rb1 Qc7 23. a5 bxa5 24. bxa5 Nd7 25. Bb6 Nxb6 26. Rxb6
Bh6 27. Qc3 Qc5+ 28. Kh1 Bg7 29. Qd2 Rb8 30. Rdb1 Rxb6 31. axb6 Rb8 32. b7
Bh6 33. Qb4 Be3 34. Qxc5 Bxc5 35. Bd1 f5 36. g3 a5 37. Ba4 Bb4 38. Bc6 Kg7
39. Kg2 Kf7 40. g4 hxg4 41. fxg4 e4 42. gxf5 gxf5 43. Kg3 Kf6 44. Kf4 Bd2+
45. Kg3 f4+ 46. Kf2 Bb4 47. Rb3 Bc5+ 48. Ke1 f3 49. Kd2 Ke5 50. Bd7 e3+ 51.
Rxe3+ Bxe3+ 52. Kxe3 Rxb7 53. Bb5 Rh7 54. Kxf3 Rxh2 55. Ke3 Rh3+ 56. Kd2 Kd4
57. Kc2 Rc3+ 58. Kb2 Rxc4 59. Bxc4 Kxc4 60. Ka3 Kxd5 61. Ka4 Kc4 62. Kxa5 d5
{White resigns}
0-1

[Event "ICC tourney 1953 (60 10)"]
[Site "Internet Chess Club"]
[Date "2020.08.08"]
[Round "5"]
[White "RajeshCS"]
[Black "Dking135799"]
[Result "1-0"]
[ICCResult "Black resigns"]
[WhiteElo "2347"]
[BlackElo "2191"]
[Opening "English opening"]
[ECO "A17"]
[NIC "EO.64"]
[Time "15:21:13"]
[TimeControl "3600+10"]

1. c4 Nf6 2. Nc3 e6 3. g3 Bb4 4. Bg2 O-O 5. Qb3 Bxc3 6. Qxc3 d5 7. d3 c6 8.
Nf3 b6 9. O-O Bb7 10. b4 Nbd7 11. Bb2 Rc8 12. c5 Qe7 13. Rfc1 Rfd8 14. h4
Re8 15. Ne5 Rcd8 16. cxb6 Nxe5 17. Qxe5 axb6 18. Bd4 Rb8 19. a3 Ba8 20. e4
Qf8 21. exd5 Nd7 22. Qc7 Rec8 23. Qxd7 Rb7 24. dxc6 Rxd7 25. cxd7 Rd8 26.
Bxa8 Rxd7 27. Bxb6 Qxa8 28. d4 h6 29. a4 f5 30. Rc3 g5 31. h5 f4 32. a5 fxg3
33. Rxg3 Qa6 34. Re1 Qc4 35. Bc5 Rf7 36. Rge3 Rf6 37. Kg2 Qd5+ 38. Kg1 Qc4
39. a6 Qxa6 40. d5 Qa2 41. Rxe6 Rxe6 42. dxe6 Qc4 43. e7 Qg4+ 44. Kf1 Qh3+
45. Ke2 Kf7 46. Kd2 Qd7+ 47. Kc1 Qe8 48. Re3 Kg7 49. b5 Qxb5 50. e8=Q Qxc5+
51. Kd1 Qd4+ 52. Ke1 Qa1+ 53. Ke2 Qb2+ 54. Kf1 Qa1+ 55. Kg2 {Black resigns}
1-0

[Event "ICC tourney 1953 (60 10)"]
[Site "Internet Chess Club"]
[Date "2020.08.08"]
[Round "5"]
[White "asintomatico"]
[Black "MasterZachary"]
[Result "0-1"]
[ICCResult "White resigns"]
[WhiteElo "2522"]
[BlackElo "2311"]
[Opening "QGA: 3.e4"]
[ECO "D20"]
[NIC "QG.04"]
[Time "15:22:08"]
[TimeControl "3600+10"]

1. d4 d5 2. c4 dxc4 3. e4 c5 4. d5 e6 5. Nc3 exd5 6. Nxd5 Nf6 7. Bg5 Be7 8.
Nxe7 Qxe7 9. f3 Be6 10. Qa4+ Qd7 11. Qa3 b6 12. Qc3 Qd4 13. Ne2 Qxc3+ 14.
Nxc3 Nc6 15. O-O-O Nd4 16. f4 Ng4 17. f5 Bd7 18. Nd5 O-O 19. Rd2 Ne5 20. f6
Ndc6 21. Ne7+ Nxe7 22. fxe7 Rfe8 23. Rd5 f6 24. Rxe5 Bb5 25. a4 Ba6 26. Rf5
fxg5 27. Re5 Kf7 28. Be2 Kf6 29. Rf5+ Kxe7 30. Rxg5 g6 31. h4 Kf6 32. e5+
Rxe5 33. Rf1+ Rf5 34. Rgxf5+ gxf5 35. g4 Re8 36. Rxf5+ Kg7 37. Rg5+ Kf6 38.
Bd1 Bc8 39. Bc2 Re1+ 40. Kd2 Rg1 41. Bf5 Bxf5 42. Rxf5+ Ke6 43. Rg5 h6 44.
Rg6+ Kd5 45. g5 hxg5 46. Rxg5+ Rxg5 47. hxg5 a6 48. Ke3 b5 {White resigns}
0-1

[Event "ICC tourney 1953 (60 10)"]
[Site "Internet Chess Club"]
[Date "2020.08.08"]
[Round "5"]
[White "rychessmaster1"]
[Black "ChessDex"]
[Result "1-0"]
[ICCResult "Black checkmated"]
[WhiteElo "2180"]
[BlackElo "2256"]
[Opening "Queen's pawn: Chigorin variation"]
[ECO "D00"]
[NIC "QP.08"]
[Time "15:21:32"]
[TimeControl "3600+10"]

1. d4 d5 2. Nc3 Nf6 3. Bf4 c5 4. e3 a6 5. dxc5 e6 6. Na4 Bxc5 7. Nxc5 Qa5+
8. c3 Qxc5 9. Bd3 Nc6 10. Nf3 Nh5 11. Be5 Nxe5 12. Nxe5 Nf6 13. Qa4+ Bd7 14.
Qd4 Rc8 15. g4 h6 16. Kd2 Bb5 17. f3 Bxd3 18. Nxd3 Qc4 19. b3 Qc7 20. Ne5
O-O 21. Rac1 Rfd8 22. Qf4 Ne8 23. Nd3 Qa5 24. Rc2 f6 25. Rd1 e5 26. Qf5 Qb6
27. h4 Kh8 28. Ke2 d4 29. c4 dxe3 30. g5 e4 31. fxe4 Qd6 32. Qh3 Nc7 33.
gxh6 Ne6 34. hxg7+ Kg8 35. Qxe3 Nd4+ 36. Kd2 Qh2+ 37. Qf2 Qxf2+ 38. Nxf2
Nxc2+ 39. Kxc2 Rxd1 40. Nxd1 Kxg7 41. Ne3 Rd8 42. Kc3 Kg6 43. c5 Kh5 44. Nf5
Kg4 45. Kc4 Kf4 46. Nd6 Rd7 47. Kd5 Rh7 48. Ke6 Rxh4 49. Kxf6 Rh6+ 50. Ke7
Rh7+ 51. Ke6 a5 52. e5 Rh6+ 53. Kd5 Rh7 54. e6 Rh5+ 55. Kd4 Rh7 56. a3 Rg7
57. b4 axb4 58. axb4 Re7 59. Kd5 Rh7 60. Nf7 Kf5 61. e7 Rxf7 62. e8=Q Rf6
63. Qe5+ Kg6 64. Qxf6+ Kxf6 65. Kd6 Kf5 66. Kc7 Ke5 67. Kxb7 Kd5 68. Kb6 Kc4
69. c6 Kxb4 70. c7 Ka4 71. c8=Q Kb4 72. Qc5+ Ka4 73. Qb5+ Ka3 74. Kc5 Ka2
75. Kc4 Ka1 76. Kc3 Ka2 77. Qb2# {Black checkmated} 1-0

[Event "ICC tourney 1953 (60 10)"]
[Site "Internet Chess Club"]
[Date "2020.08.08"]
[Round "5"]
[White "SilentFog"]
[Black "Yoes"]
[Result "0-1"]
[ICCResult "White resigns"]
[WhiteElo "2435"]
[BlackElo "2741"]
[Opening "QGA: 3.e4"]
[ECO "D20"]
[NIC "QG.04"]
[Time "15:21:32"]
[TimeControl "3600+10"]

1. d4 d5 2. c4 dxc4 3. e4 e5 4. Nf3 Bb4+ 5. Bd2 Bxd2+ 6. Qxd2 exd4 7. Qxd4
Qxd4 8. Nxd4 Bd7 9. Bxc4 Nc6 10. Nxc6 Bxc6 11. Nc3 Rd8 12. Nd5 Bxd5 13. Bxd5
c6 14. Bb3 Nf6 15. f3 Ke7 16. Ke2 Rd4 17. Rhd1 Rhd8 18. Rac1 Rxd1 19. Bxd1
Nd7 20. b4 Ne5 21. Rc3 Rd4 22. a3 Nc4 23. Ke1 f6 24. Be2 Nb6 25. Rc2 Rd8 26.
Kf2 Ra8 27. f4 Nd7 28. Bg4 Nb6 29. Bf3 Nd7 30. Bg4 Nb6 31. Bf3 Rd8 32. Ke3
a6 33. Bg4 Rd6 34. h4 Rd8 35. Be2 Nc8 36. Rd2 Rxd2 37. Kxd2 Nd6 38. Ke3 Nb5
39. Bxb5 axb5 40. Kd4 b6 41. h5 Kd6 42. Kc3 g5 43. hxg6 hxg6 44. g3 c5 45.
bxc5+ bxc5 46. Kb3 Kc6 47. a4 c4+ 48. Kb4 bxa4 49. g4 g5 50. fxg5 fxg5 51.
Kxa4 Kc5 52. e5 Kd5 53. Kb4 Kxe5 54. Kxc4 Kf4 {White resigns} 0-1

[Event "ICC tourney 1953 (60 10)"]
[Site "Internet Chess Club"]
[Date "2020.08.08"]
[Round "5"]
[White "TjkTiger"]
[Black "ozmin"]
[Result "1-0"]
[ICCResult "Black resigns"]
[WhiteElo "2586"]
[BlackElo "2267"]
[Opening "English: four knights, Nimzovich variation"]
[ECO "A28"]
[NIC "EO.09"]
[Time "15:22:08"]
[TimeControl "3600+10"]

1. c4 e5 2. Nc3 Nf6 3. Nf3 Nc6 4. e4 Bb4 5. d3 d6 6. a3 Bc5 7. b4 Bb6 8. Na4
Bg4 9. Nxb6 axb6 10. Bb2 Nd7 11. h3 Bxf3 12. Qxf3 Nf8 13. b5 Ne7 14. g3 Ne6
15. h4 c6 16. Bh3 Nc5 17. O-O O-O 18. Rab1 Ra4 19. Rfd1 Qc7 20. h5 h6 21. d4
exd4 22. Rxd4 cxb5 23. cxb5 Rxd4 24. Bxd4 Ne6 25. Bxe6 fxe6 26. Qg4 e5 27.
Be3 Rf6 28. Rc1 Qd8 29. a4 Kh7 30. Qd1 d5 31. exd5 Qxd5 32. Qc2+ e4 33. Rd1
Qf5 34. Rd4 Re6 35. Qd1 Qh3 36. Qc2 Qxh5 37. Rxe4 Qg6 38. Rc4 Nf5 39. Bd2
Rd6 40. g4 Nd4 41. Qxg6+ Kxg6 42. Be3 Nf3+ 43. Kg2 Ne5 44. Re4 Nd3 45. Re7
Nb2 46. Bf4 Rd4 47. Be5 Rxg4+ 48. Kf3 Rxa4 49. Rxg7+ Kf5 50. Bxb2 Rb4 51.
Bc1 Rb3+ 52. Be3 Rxb5 53. Rxb7 h5 54. Rxb6 Ra5 55. Rh6 {Black resigns} 1-0

[Event "ICC tourney 1953 (60 10)"]
[Site "Internet Chess Club"]
[Date "2020.08.08"]
[Round "5"]
[White "jasonm04"]
[Black "creepycrawlies"]
[Result "1-0"]
[ICCResult "Black resigns"]
[WhiteElo "2307"]
[BlackElo "2146"]
[Opening "QGD semi-Slav"]
[ECO "D43"]
[NIC "SL.03"]
[Time "15:21:32"]
[TimeControl "3600+10"]

1. d4 d5 2. c4 c6 3. Nf3 Nf6 4. Nc3 e6 5. g3 dxc4 6. Bg2 b5 7. O-O Bb7 8.
Bg5 Be7 9. e3 O-O 10. Bxf6 Bxf6 11. Nd2 Qb6 12. b3 cxb3 13. Nxb3 Nd7 14. Ne4
Be7 15. Rc1 Rfd8 16. Qh5 h6 17. Nbc5 Nxc5 18. Nxc5 Rac8 19. f4 Rc7 20. g4
Bc8 21. g5 Bf8 22. gxh6 gxh6 23. Rf3 Bg7 24. Rg3 Kh8 25. Kh1 Rg8 26. Rg1 f5
27. Bf3 Re7 28. Nd3 Bd7 29. Qh4 Qd8 30. Ne5 Be8 31. R1g2 Qd6 32. Bh5 Qb4 33.
h3 Kh7 34. Bxe8 Rexe8 35. Qh5 Qb1+ 36. Kh2 {Black resigns} 1-0

[Event "ICC tourney 1953 (60 10)"]
[Site "Internet Chess Club"]
[Date "2020.08.08"]
[Round "5"]
[White "milindm"]
[Black "spriteball"]
[Result "1-0"]
[ICCResult "Black resigns"]
[WhiteElo "2226"]
[BlackElo "2206"]
[Opening "QGD semi-Slav: Meran variation"]
[ECO "D47"]
[NIC "SL.09"]
[Time "15:21:42"]
[TimeControl "3600+10"]

1. d4 d5 2. c4 c6 3. Nf3 Nf6 4. e3 e6 5. Nc3 Nbd7 6. Bd3 dxc4 7. Bxc4 b5 8.
Be2 Bd6 9. e4 e5 10. d5 cxd5 11. Nxb5 Bb4+ 12. Bd2 Bxd2+ 13. Qxd2 O-O 14.
exd5 Bb7 15. Nc3 e4 16. Nd4 Nc5 17. Nf5 g6 18. Ne3 a5 19. O-O Nfd7 20. Rfd1
f5 21. Nc4 Qf6 22. Qd4 Qg5 23. Nb6 Rab8 24. Nca4 Qf6 25. Nxc5 Qxd4 26. Rxd4
Nxc5 27. Rc1 Ba6 28. Rxc5 Bxe2 29. Na4 Bb5 30. b3 Rfc8 31. h3 Rxc5 32. Nxc5
Rc8 33. Na4 Kf7 34. d6 Ke6 35. Nb6 Rc1+ 36. Kh2 Bd7 37. Rd2 Rc6 38. Nc4 a4
39. Kg3 axb3 40. axb3 g5 41. Ra2 h5 42. h4 f4+ 43. Kh2 Rc5 44. hxg5 Rxg5 45.
Re2 Kf5 46. Rd2 Ke6 47. Rd4 Bc6 48. Nb6 Rg7 49. d7 Bxd7 50. Nxd7 Rxd7 51.
Rxe4+ Kf5 52. Rc4 Rd2 53. f3 Rb2 54. Rb4 Kg5 55. Kh3 Rb1 56. Rb5+ Kg6 57.
Kh2 Rb2 58. Rb6+ Kg5 59. Kg1 Rb1+ 60. Kf2 Rb2+ 61. Kg1 Rb1+ 62. Kh2 Rb2 63.
Rb4 Kf5 64. Rb5+ Kg6 65. b4 Kh6 66. Kh3 Rb1 67. Kh2 Rb2 68. Rb8 Kg5 69. Kh3
Rb1 70. Kh2 Rb2 71. b5 Kg6 72. b6 Kg5 73. Kh3 Rb1 74. Kh2 Rb2 75. b7 Kh4 76.
Kg1 Rb1+ 77. Kf2 Rb2+ 78. Kf1 Rb1+ 79. Ke2 Rb2+ 80. Kd3 Rb4 81. Kc3 Rb1 82.
Kd4 Rb4+ 83. Ke5 Rb5+ 84. Kxf4 Rb4+ 85. Ke3 Rb3+ 86. Kd4 Rb4+ 87. Kc3 Rb1
88. f4 Rb6 89. f5 Rc6+ 90. Kd4 Rc7 91. Ke5 Rg7 92. f6 Rg5+ 93. Ke6
{Black resigns}
1-0

[Event "ICC tourney 1953 (60 10)"]
[Site "Internet Chess Club"]
[Date "2020.08.08"]
[Round "6"]
[White "jsl1996"]
[Black "Oligarkh"]
[Result "1/2-1/2"]
[ICCResult "Game drawn by mutual agreement"]
[WhiteElo "2623"]
[BlackElo "2647"]
[Opening "Caro-Kann: two knights, 3...Bg4"]
[ECO "B10"]
[NIC "CK.01"]
[Time "18:38:14"]
[TimeControl "3600+10"]

1. e4 c6 2. Nf3 d5 3. Nc3 Bg4 4. h3 Bxf3 5. Qxf3 e6 6. Be2 Nf6 7. O-O Nbd7
8. d4 Nxe4 9. Nxe4 dxe4 10. Qxe4 g6 11. c3 Bg7 12. a4 a5 13. Re1 O-O
{Game drawn by mutual agreement}
1/2-1/2

[Event "ICC tourney 1953 (60 10)"]
[Site "Internet Chess Club"]
[Date "2020.08.08"]
[Round "6"]
[White "GGuseinov"]
[Black "SilentFog"]
[Result "1-0"]
[ICCResult "Black resigns"]
[WhiteElo "2718"]
[BlackElo "2430"]
[Opening "Sicilian: closed"]
[ECO "B23"]
[NIC "SI.44"]
[Time "18:38:21"]
[TimeControl "3600+10"]

1. e4 c5 2. Nc3 a6 3. g3 b5 4. Bg2 Bb7 5. d3 e6 6. Nh3 d5 7. exd5 Nf6 8. Bg5
Be7 9. O-O exd5 10. Bxf6 Bxf6 11. Re1+ Kf8 12. Nf4 b4 13. Ncxd5 Bxb2 14. Rb1
Bd4 15. c3 Bf6 16. Nxf6 Bxg2 17. Re8+ {Black resigns} 1-0

[Event "ICC tourney 1953 (60 10)"]
[Site "Internet Chess Club"]
[Date "2020.08.08"]
[Round "6"]
[White "JasonModer"]
[Black "TjkTiger"]
[Result "1/2-1/2"]
[ICCResult "Game drawn by mutual agreement"]
[WhiteElo "2429"]
[BlackElo "2576"]
[Opening "Pirc: Austrian attack, 6.Bd3"]
[ECO "B09"]
[NIC "PU.02"]
[Time "18:38:41"]
[TimeControl "3600+10"]

1. d4 d6 2. e4 Nf6 3. Nc3 g6 4. f4 Bg7 5. Nf3 O-O 6. Bd3 Nc6 7. O-O e5 8.
fxe5 dxe5 9. d5 Nd4 10. Nxe5 Nxe4 11. Nxe4 Bxe5 12. c3 Nf5 13. Qf3 Kg7 14.
g4 Nd6 15. Bf4 {Game drawn by mutual agreement} 1/2-1/2

[Event "ICC tourney 1953 (60 10)"]
[Site "Internet Chess Club"]
[Date "2020.08.08"]
[Round "6"]
[White "largecrab"]
[Black "Ajitesh20091"]
[Result "0-1"]
[ICCResult "White resigns"]
[WhiteElo "2163"]
[BlackElo "1893"]
[Opening "Giuoco Piano"]
[ECO "C54"]
[NIC "IG.02"]
[Time "18:38:35"]
[TimeControl "3600+10"]

1. e4 e5 2. Nf3 Nc6 3. Bc4 Bc5 4. c3 Nf6 5. d3 d6 6. O-O a6 7. a4 O-O 8. Bg5
h6 9. Bh4 Ba7 10. Nbd2 Na5 11. Ba2 Nc6 12. Nc4 a5 13. Ne3 Rb8 14. Qd2 g5 15.
Nxg5 hxg5 16. Bxg5 Nxe4 17. dxe4 Qxg5 18. Kh1 Bxe3 19. fxe3 Bg4 20. Qf2 Kg7
21. Qg3 f6 22. Rf2 Bd7 23. Qf3 Rh8 24. h3 Rh6 25. Kh2 Rg6 26. Bc4 Rh8 27.
Raf1 Bg4 28. Qg3 Qh5 29. Rg1 Rg5 30. Bb3 Ne7 31. Rgf1 Bxh3 32. Qxh3 Qg4 33.
Be6 Rxh3+ 34. gxh3 Qxe6 {White resigns} 0-1

[Event "ICC tourney 1953 (60 10)"]
[Site "Internet Chess Club"]
[Date "2020.08.08"]
[Round "6"]
[White "Rafael"]
[Black "InfernoKing"]
[Result "0-1"]
[ICCResult "White resigns"]
[WhiteElo "2187"]
[BlackElo "2163"]
[Opening "King's Indian: East Indian defense"]
[ECO "A48"]
[NIC "QP.06"]
[Time "18:38:01"]
[TimeControl "3600+10"]

1. d4 Nf6 2. Nf3 g6 3. e3 Bg7 4. Bd3 d6 5. Nbd2 O-O 6. O-O Nc6 7. c3 e5 8.
e4 Nh5 9. d5 Ne7 10. Re1 f5 11. c4 Nf4 12. Bf1 c6 13. g3 Nh5 14. Bg2 Nf6 15.
Ng5 h6 16. Ne6 Bxe6 17. dxe6 Qc8 18. c5 dxc5 19. Qb3 Kh7 20. exf5 Nxf5 21.
Nf3 e4 22. Nh4 Nd4 23. Qc4 Qxe6 24. Qxc5 Qd5 25. Qxd5 cxd5 26. Rd1 Ng4 27.
Be3 Ne2+ 28. Kh1 Rxf2 29. Bc5 b6 30. h3 Nxg3+ 31. Kg1 Ne2+ 32. Kh1 bxc5 33.
hxg4 Bd4 34. Rab1 Raf8 35. b4 R8f4 36. bxc5 Rxg4 37. Rb7+ Kg8 {White
resigns} 0-1

[Event "ICC tourney 1953 (60 10)"]
[Site "Internet Chess Club"]
[Date "2020.08.08"]
[Round "6"]
[White "jy2020"]
[Black "frisco"]
[Result "1/2-1/2"]
[ICCResult "Game drawn by mutual agreement"]
[WhiteElo "2248"]
[BlackElo "2463"]
[Opening "Ruy Lopez: Anderssen variation"]
[ECO "C77"]
[NIC "RL.12"]
[Time "18:37:59"]
[TimeControl "3600+10"]

1. e4 e5 2. Nf3 Nc6 3. Bb5 a6 4. Ba4 Nf6 5. d3 b5 6. Bb3 Bc5 7. Nc3 h6 8.
Nd5 d6 9. c3 Be6 10. O-O Bxd5 11. exd5 Ne7 12. c4 O-O 13. Be3 Bxe3 14. fxe3
c6 15. dxc6 Nxc6 16. cxb5 axb5 17. e4 Na5 18. Kh1 Ng4 19. Bd5 Ne3 20. Qe2
Nxd5 21. exd5 b4 22. d4 Re8 23. dxe5 dxe5 24. Qe4 Rc8 25. Rac1 Rxc1 26. Rxc1
Qd6 27. h3 g6 28. g4 Rd8 29. Rd1 Nc6 30. Rd2 Ne7 31. Qxe5 Qxe5 32. Nxe5 Rxd5
33. Rxd5 Nxd5 34. Kg2 {Game drawn by mutual agreement} 1/2-1/2

[Event "ICC tourney 1953 (60 10)"]
[Site "Internet Chess Club"]
[Date "2020.08.08"]
[Round "6"]
[White "PappusChain923"]
[Black "Plato"]
[Result "1-0"]
[ICCResult "Black resigns"]
[WhiteElo "2223"]
[BlackElo "2058"]
[Opening "QGD: Charousek (Petrosian) variation"]
[ECO "D31"]
[NIC "QO.05"]
[Time "18:38:05"]
[TimeControl "3600+10"]

1. d4 d5 2. c4 e6 3. Nc3 Be7 4. cxd5 exd5 5. Bf4 c6 6. e3 Bf5 7. g4 Be6 8.
h4 Nh6 9. g5 Nf5 10. Qb3 Qb6 11. Bd3 Nd7 12. Nf3 Nd6 13. Rc1 Nc4 14. Rb1 Bd6
15. Bxc4 Bxf4 16. Bd3 Bd6 17. Qc2 Bg4 18. Nd2 Bh5 19. b4 Bg6 20. b5 Bxd3 21.
Qxd3 Qc7 22. bxc6 bxc6 23. Ke2 a5 24. h5 Bb4 25. g6 Nf6 26. Nf3 Qc8 27.
gxf7+ Kf8 28. a3 Bxc3 29. Qxc3 Qa6+ 30. Qd3 Ne4 31. Qxa6 Nc3+ 32. Kd3
{Black resigns}
1-0

[Event "ICC tourney 1953 (60 10)"]
[Site "Internet Chess Club"]
[Date "2020.08.08"]
[Round "6"]
[White "Qigongmaster"]
[Black "lmperatorX"]
[Result "1-0"]
[ICCResult "Black resigns"]
[WhiteElo "2294"]
[BlackElo "2117"]
[Opening "QGD: exchange, positional line, 6.Qc2"]
[ECO "D36"]
[NIC "QO.16"]
[Time "18:38:04"]
[TimeControl "3600+10"]

1. d4 d5 2. c4 e6 3. Nc3 Nf6 4. cxd5 exd5 5. Bg5 c6 6. Qc2 Bd6 7. e3 O-O 8.
Bd3 h6 9. Bh4 a5 10. Nf3 Re8 11. O-O Be6 12. Ne5 Na6 13. a3 Bxe5 14. dxe5 g5
15. Bg3 Nh5 16. Ne2 Qe7 17. Rac1 Kg7 18. f4 Bg4 19. Be1 gxf4 20. exf4
{Black resigns}
1-0

[Event "ICC tourney 1953 (60 10)"]
[Site "Internet Chess Club"]
[Date "2020.08.08"]
[Round "6"]
[White "tacticsalk"]
[Black "rychessmaster1"]
[Result "1/2-1/2"]
[ICCResult "Game drawn by mutual agreement"]
[WhiteElo "2311"]
[BlackElo "2150"]
[Opening "Queen's Indian: Petrosian system"]
[ECO "E12"]
[NIC "QI.04"]
[Time "18:38:10"]
[TimeControl "3600+10"]

1. d4 Nf6 2. c4 e6 3. Nf3 b6 4. a3 Bb7 5. Nc3 d5 6. cxd5 exd5 7. Bg5 Be7 8.
Qa4+ c6 9. e3 O-O 10. Bd3 Nbd7 11. O-O h6 12. Bh4 Re8 13. Rac1 a5 14. Qc2
Ne4 15. Bxe4 Bxh4 16. Bh7+ Kh8 17. Nxh4 Qxh4 18. Bf5 Nf6 19. Na4 b5 20. Nc5
Bc8 21. Bxc8 Raxc8 22. Nb7 Re6 23. Nxa5 Qg5 24. Nb3 Ne4 25. Nc5 Rg6 26. f4
Qf5 27. Nxe4 dxe4 28. Qc5 Qh3 29. g3 Rxg3+ 30. hxg3 Qxg3+ 31. Kh1 Qh3+ 32.
Kg1 Qg3+ 33. Kh1 Qh3+ {Game drawn by mutual agreement} 1/2-1/2

[Event "ICC tourney 1953 (60 10)"]
[Site "Internet Chess Club"]
[Date "2020.08.08"]
[Round "6"]
[White "tedchen"]
[Black "Redbaron"]
[Result "1/2-1/2"]
[ICCResult "Game drawn by mutual agreement"]
[WhiteElo "2293"]
[BlackElo "2313"]
[Opening "Queen's Indian: old main line, 9.Qxc3"]
[ECO "E19"]
[NIC "QI.12"]
[Time "18:38:09"]
[TimeControl "3600+10"]

1. d4 Nf6 2. c4 e6 3. Nf3 b6 4. g3 Bb7 5. Bg2 Be7 6. O-O O-O 7. Nc3 Ne4 8.
Qc2 Nxc3 9. Qxc3 f5 10. b3 Bf6 11. Bb2 d6 12. Qd2 Nd7 13. Ne1 Qc8 14. Nd3
Bxg2 15. Kxg2 Qb7+ 16. f3 Rae8 17. Rae1 e5 18. d5 g5 19. e4 f4 20. g4 a5 21.
a3 Ra8 22. b4 axb4 23. axb4 Kf7 24. Ra1 Rxa1 25. Rxa1 Ra8
{Game drawn by mutual agreement}
1/2-1/2

[Event "ICC tourney 1953 (60 10)"]
[Site "Internet Chess Club"]
[Date "2020.08.08"]
[Round "6"]
[White "speedskater"]
[Black "jasonm04"]
[Result "1-0"]
[ICCResult "Black resigns"]
[WhiteElo "2645"]
[BlackElo "2277"]
[Opening "Queen's Indian: 4.g3"]
[ECO "E15"]
[NIC "QI.02"]
[Time "18:38:19"]
[TimeControl "3600+10"]

1. d4 e6 2. c4 Nf6 3. Nf3 b6 4. g3 c6 5. Nc3 d5 6. Bg2 Be7 7. O-O O-O 8. Nd2
Ba6 9. b3 Nbd7 10. Bb2 Rc8 11. e4 c5 12. exd5 exd5 13. Nxd5 Nxd5 14. Bxd5
Nf6 15. Bg2 cxd4 16. Nf3 b5 17. Nxd4 bxc4 18. Nc6 Rxc6 19. Bxc6 c3 20. Bxc3
Bxf1 21. Qxf1 Qc7 22. Qb5 Rc8 23. Re1 Kf8 24. Bb4 Qxc6 25. Qxc6 Rxc6 26.
Bxe7+ Kg8 27. Bxf6 gxf6 28. Re7 a5 29. Re4 Kg7 30. Rc4 Rd6 31. Kf1 Kg6 32.
Ke2 Rd5 33. Ke3 Kf5 34. Rf4+ Kg6 35. Rd4 Re5+ 36. Kd3 h5 37. a3 Rf5 38. Rf4
Re5 39. b4 axb4 40. axb4 {Black resigns} 1-0

[Event "ICC tourney 1953 (60 10)"]
[Site "Internet Chess Club"]
[Date "2020.08.08"]
[Round "6"]
[White "hydroblade"]
[Black "Kalmyk"]
[Result "0-1"]
[ICCResult "White resigns"]
[WhiteElo "2092"]
[BlackElo "2693"]
[Opening "Queen's Indian: Nimzovich variation (exaggerated fianchetto)"]
[ECO "E15"]
[NIC "QI.05"]
[Time "18:38:21"]
[TimeControl "3600+10"]

1. d4 Nf6 2. c4 e6 3. Nf3 b6 4. g3 Ba6 5. b3 Bb4+ 6. Bd2 Be7 7. Bg2 d5 8.
Qc2 O-O 9. O-O c5 10. Be3 Nc6 11. dxc5 bxc5 12. Rd1 d4 13. Bf4 Bb7 14. Nbd2
Nh5 15. Ne5 Nb4 16. Qb1 Bxg2 17. Kxg2 f6 18. Nef3 g5 19. a3 Nc6 20. Qe4 Qd7
21. Bxg5 fxg5 22. Qg4 Nf6 23. Qxg5+ Kh8 24. Qh6 e5 25. Ng5 Qf5 26. Ndf3 e4
27. Nh4 Qxf2+ 28. Kh1 Qxh2+ {White resigns} 0-1